AoeStats
← i-SRAEL

Arabia

508803864Analyzed
1v1 RM · 7d ago on Sep 24, 2026· 27m 23s· 2 players
Game mode
Random Map
Map size
Tiny (2 player)
Population
200
Speed
Normal
Resources
Standard
Victory
Conquest
Starting age
Dark Age
Ending age
Imperial Age
RankedLock teamsTeams togetherTeam positionsShared explorationLock speedFull tech treeHidden civsTurbo modeCheats
Victory
Defeat
🇺🇸 Goths · United States
1144
+14
🇲🇽 Koreans · Mexico
1108
-14
张天师
7:28 Loom
9:55 Feudal Age
10:24 Double-Bit Axe
10:59 Horse Collar
11:03 Man-at-Arms
15:38 Fletching
15:50 Scale Mail Armor
20:44 Forging
27:05 Castle Age
26:10 Gold Mining
27:50 Squires
i-SRAEL
5:00 Loom
10:12 Feudal Age
11:47 Man-at-Arms
23:50 Forging
25:39 Scale Mail Armor
Connection lost

Rejoining the realm…

Still unreachable

The connection could not be restored.

Session expired

The server has moved on; the page needs a fresh start.